 Dungeon Crawl Stone Soup version 0.27.1-34-g3ba077fa99 (webtiles) character file.

Game seed: 12685594673330628420

7918 Destapler the Zephyrmancer (level 11, -14/79 (92) HPs)
             Began as a Black Draconian Air Elementalist on Jan 4, 2022.
             Hit by a javelin thrown by Urug (18 damage)
             ... on level 10 of the Dungeon on Jan 5, 2022.
             The game lasted 01:11:22 (11246 turns).

Destapler the Zephyrmancer (DrAE)                  Turns: 11246, Time: 01:11:22

HP:   -14/79 (92)   AC:  7    Str: 11    XL:     11   Next: 3%
MP:   19/28         EV: 14    Int: 19    God:
Gold: 271           SH:  0    Dex: 11    Spells: 14/21 levels left

rFire    . . .     SeeInvis .   b - staff of air
rCold    . . .     Faith    .   (no shield)
rNeg     . . .     Spirit   .   (armour unavailable)
rPois    .         Reflect  .   (helmet restricted)
rElec    +         Harm     .   (no cloak)
rCorr    +         Rampage  .   (no gloves)
Will     .....                  (no boots)
Stlth    +++.......             B - amulet of magic regeneration
HPRegen  0.23/turn              h - ring of magical power
MPRegen  0.46/turn              C - ring of resist corrosion

@: short of breath, heavily drained
A: breathe lightning, AC +7, unfitting armour, electricity resistance,
cold-blooded
a: Breathe Lightning


You were on level 10 of the Dungeon.
You visited 1 branch of the dungeon, and saw 10 of its levels.

You collected 646 gold pieces.
You spent 375 gold pieces at shops.

Inventory:

Hand Weapons
 a - a +3 short sword of venom
Missiles
 D - a curare-tipped dart
 F - 66 poisoned darts
 K - 7 javelins
Armour
 Q - a +0 kite shield
Magical Staves
 b - a staff of air (weapon)
Jewellery
 h - a ring of magical power (left hand)
 j - a +4 ring of protection
 p - a ring of poison resistance
 w - an amulet of guardian spirit
 B - an amulet of magic regeneration (around neck)
 C - a ring of resist corrosion (right hand)
 L - a ring of positive energy
 O - an amulet of the acrobat
Wands
 c - a wand of iceblast (19)
 o - a wand of charming (5)
 H - a wand of digging (4)
 I - a wand of acid (13)
 N - a wand of flame (19)
Scrolls
 d - 2 scrolls of fear {unknown}
 e - 3 scrolls of identify
 g - 2 scrolls of noise {unknown}
 l - 7 scrolls of teleportation
 m - 2 scrolls of vulnerability {unknown}
 n - a scroll of silence {unknown}
 r - a scroll of enchant armour {unknown}
 t - 2 scrolls of enchant weapon {unknown}
 u - 2 scrolls of summoning
 v - 2 scrolls of blinking
 x - a scroll of torment {unknown}
 y - 5 scrolls of magic mapping {unknown}
 G - 2 scrolls of amnesia {unknown}
 M - a scroll of immolation {unknown}
Potions
 f - a potion of mutation {unknown}
 i - 3 potions of magic
 k - 2 potions of flight {unknown}
 q - 3 potions of haste
 s - 2 potions of berserk rage
 z - a potion of cancellation {unknown}
 A - 3 potions of heal wounds {unknown}
 E - 2 potions of ambrosia {unknown}
 J - 2 potions of lignification
 P - a potion of degeneration {unknown}


   Skills:
 + Level 7.2 Fighting
 - Level 4.0 Short Blades
 * Level 2.6 Staves
 - Level 3.0 Throwing
 + Level 6.5 Dodging
 + Level 4.9 Stealth
 + Level 0.3 Shields
 + Level 5.9 Spellcasting
 + Level 6.2 Conjurations
 + Level 8.9 Air Magic
 + Level 3.6 Evocations


You had 14 spell levels left.
You knew the following spells:

 Your Spells              Type           Power      Damage    Failure   Level
a - Shock                 Conj/Air       100%       1d9       1%          1
b - Static Discharge      Conj/Air       51%        N/A       1%          2
c - Airstrike             Air            28%        N/A       3%          4

Your spell library contained the following spells:

 Spells                   Type           Power      Damage    Failure   Level
 Swiftness                Air            56%        N/A       1%          3
 Animate Skeleton         Necr           10%        N/A       12%         1
 Apportation              Tloc           10%        N/A       12%         1
 Pain                     Necr           20%        1d5       12%         1
 Lightning Bolt           Conj/Air       25%        1d41      14%         5
 Passwall                 Tmut/Erth      4%         N/A       17%         2
 Summon Lightning Spire   Summ/Air       33%        N/A       19%         4
 Call Canine Familiar     Summ           5%         N/A       34%         3
 Portal Projectile        Hex/Tloc       10%        N/A       34%         3
 Vampiric Draining        Necr           2%         2d6       34%         3
 Leda's Liquefaction      Hex/Erth       2%         N/A       75%         4
 Petrify                  Tmut/Erth      5%         N/A       75%         4
 Alistair's Intoxication  Tmut/Pois      3%         N/A       97%         5
 Metabolic Englaciation   Hex/Ice        2%         N/A       97%         5
 Invisibility             Hex            2%         N/A       100%        6
 Statue Form              Tmut/Erth      3%         N/A       100%        6


Dungeon Overview and Level Annotations

Branches:
Dungeon (10/15)            Temple (0/1) D:6
   Lair: D:8-11         Orc: D:9-12

Altars:
Sif Muna

Shops:
D:5 *   D:8 *

Annotations:
D:10 Urug


Innate Abilities, Weirdness & Mutations

You can breathe wild blasts of lightning.
Your glossy black scales are hard. (AC +7)
You cannot fit into any form of body armour.
You are resistant to electric shocks. (rElec)
You are cold-blooded and may be slowed by cold attacks.


Message History

Urug is heavily wounded.
Urug throws a javelin.
The javelin barely misses you.
Casting: Shock (safe; 1% risk of failure)
Confirm with . or Enter, or press ? or * to list all spells.
Aiming: Shock (safe; 1% risk of failure)
Press: ? - help, Shift-Dir - straight line, f/p - Urug
Aim: Urug, wielding a +3 demon trident of draining, wearing a +1 chain mail of poison resistance and quivering javelins (heavily wounded, 71% to hit)
You feel a surge of power!
The zap misses Urug.
Unknown command.
Casting: Shock (safe; 1% risk of failure)
Confirm with . or Enter, or press ? or * to list all spells.
Aiming: Shock (safe; 1% risk of failure)
Press: ? - help, Shift-Dir - straight line, p - Urug You feel a surge of power!
The zap misses Urug.
The zap hits Urug.
Urug is heavily wounded.
Urug throws a javelin.
The javelin pierces through you!!
Unknown command.
Casting: Shock (safe; 1% risk of failure)
Confirm with . or Enter, or press ? or * to list all spells.
Aiming: Shock (safe; 1% risk of failure)
Press: ? - help, Shift-Dir - straight line You feel a surge of power!
The zap hits Urug.
Urug is heavily wounded.
The zap hits Urug but does no damage.
Urug is heavily wounded.
Urug hits you from afar with a +3 demon trident of draining!!
You feel drained.
* * * LOW HITPOINT WARNING * * *
You breathe a wild blast of lightning!
You hear a mighty clap of thunder!
The bolt of lightning misses you.
The zap misses Urug.
Urug throws a javelin.
The javelin pierces through you.
* * * LOW HITPOINT WARNING * * *
Urug throws a javelin.
The javelin pierces through you!!
* * * LOW HITPOINT WARNING * * *
Urug squints and says, "My one eye mightn't be all that good, but I can see you just fine with it, harpy."
Urug screams, "Damn your eyes!"
Urug throws a javelin.
The javelin completely misses you.
Urug throws a javelin.
The javelin pierces through you!!
You die...

#.........# #........#
#.........# #........#
#...))....# #........#
#....)....# #........#
#####'##### ##.####### #..#
#....## #####.### ####..# ###
#.......# #######'##### #..
#.......# #.@.....#...# #..
#.......######.#####o###.# #..
#............+..o#.#..o..#####..
#.......####### .#.#####.'..##..
#.......# ... #.##.....
#.......# #.###.### #.#####..
#..<....# #.......# ..# #..
#.......# #####o####### ###
#.......# #.#


You could see Urug.

Vanquished Creatures
  A two-headed ogre (D:6)
  Pikel (D:4)
  A troll (D:7)
  Grinder (D:5)
  A wyvern (D:8)
  9 humans (D:7)
  10 yaks
  An acid dragon (D:8)
  A water moccasin (D:8)
  Duvessa (D:7)
  An ice beast (D:7)
  2 orc warriors
  2 necrophages (D:5)
  3 sky beasts
  An ogre (D:5)
  7 centaurs
  A phantom (D:6)
  2 lemures
  A kobold brigand (D:7)
  2 bullfrogs (D:7)
  2 scorpions
  Dowan (D:7)
  A water moccasin skeleton (D:4)
  13 killer bees
  3 howler monkeys
  2 bullfrog zombies (D:6)
  2 centaur zombies
  A jelly (D:6)
  2 bullfrog skeletons (D:4)
  3 hounds
  A gnoll shaman (D:4)
  2 orc priests
  A centaur skeleton (D:6)
  3 iguanas
  3 orc wizards
  A hound skeleton (D:4)
  A hound zombie (D:5)
  4 gnolls (D:3)
  A howler monkey skeleton (D:7)
  6 adders
  A white imp (D:7)
  An ufetubus (D:4)
  2 adder skeletons
  2 worms (D:3)
  3 dart slugs
  18 orcs
  3 ball pythons
  10 endoplasms
  2 giant cockroaches
  8 goblins
  4 hobgoblins
  4 jackals
  3 quokkas
  5 bats
  2 frilled lizards (D:1)
  11 kobolds
  9 rats
190 creatures vanquished.

Notes
Turn   | Place    | Note
-------+----------+-------------------------------------------
     0 | D:1      | Destapler the Draconian Air Elementalist began the quest
                  | for the Orb.
     0 | D:1      | Reached XP level 1. HP: 14/14 MP: 3/3
   397 | D:1      | Reached XP level 2. HP: 22/22 MP: 0/5
  1427 | D:2      | Reached XP level 3. HP: 25/27 MP: 4/6
  1561 | D:2      | Reached skill level 1 in Fighting
  2159 | D:3      | Reached skill level 1 in Short Blades
  2159 | D:3      | Found a faded altar of an unknown god.
  2303 | D:3      | Reached XP level 4. HP: 35/35 MP: 7/7
  2544 | D:3      | Reached skill level 1 in Throwing
  2934 | D:3      | Reached XP level 5. HP: 40/40 MP: 8/8
  3060 | D:3      | Found a shimmering blue altar of Sif Muna.
  3604 | D:4      | Reached XP level 6. HP: 43/48 MP: 10/10
  4303 | D:5      | Entered Level 5 of the Dungeon
  4399 | D:5      | Noticed Pikel
  4718 | D:4      | Killed Pikel
  4719 | D:4      | Reached skill level 4 in Air Magic
  4719 | D:4      | Your scales start taking on a glossy black colour.
  4719 | D:4      | Reached XP level 7. HP: 46/57 MP: 11/11
  4719 | D:4      | Gained mutation: You are resistant to electric shocks.
                  | (rElec) [Black Draconian growth]
  4723 | D:4      | Learned a level 2 spell: Static Discharge
  4880 | D:5      | Found Lybberin's Overcharged Wands.
  5097 | D:5      | Reached skill level 5 in Air Magic
  5159 | D:5      | Reached skill level 1 in Evocations
  5159 | D:5      | Reached XP level 8. HP: 65/66 MP: 10/12
  5235 | D:5      | Noticed Grinder
  5247 | D:5      | Killed Grinder
  5548 | D:5      | Learned a level 4 spell: Airstrike
  6037 | D:6      | Noticed a two-headed ogre
  6052 | D:6      | Killed a two-headed ogre
  6053 | D:6      | Reached skill level 5 in Fighting
  6053 | D:6      | Reached skill level 5 in Dodging
  6053 | D:6      | Reached skill level 6 in Air Magic
  6053 | D:6      | Reached XP level 9. HP: 56/74 MP: 15/15
  6199 | D:6      | Found a staircase to the Ecumenical Temple.
  6283 | D:6      | Reached skill level 7 in Air Magic
  6848 | D:7      | Noticed a troll
  6856 | D:7      | Killed a troll
  6988 | D:7      | Noticed Duvessa
  7123 | D:7      | Reached skill level 5 in Conjurations
  7131 | D:7      | Reached skill level 5 in Spellcasting
  7131 | D:7      | Reached XP level 10. HP: 57/83 MP: 7/17
  7134 | D:7      | Reached skill level 8 in Air Magic
  7765 | D:7      | Noticed Dowan
  7778 | D:7      | Killed Dowan
  7782 | D:7      | Killed Duvessa
  8554 | D:8      | Found Kaapsusuad's Elemental Accessories.
  8568 | D:8      | Bought a staff of air for 375 gold pieces
  9211 | D:9      | Reached skill level 1 in Staves
  9969 | D:9      | Noticed a two-headed ogre
 10416 | D:10     | Entered Level 10 of the Dungeon
 10587 | D:10     | Noticed Urug
 10624 | D:10     | HP: 1/75 [Urug/javelin (9)]
 10882 | D:9      | Reached XP level 11. HP: 57/82 MP: 19/19
 11237 | D:10     | HP: 2/79 [Urug/javelin (23)]
 11246 | D:10     | Hit by a javelin thrown by Urug

Illustrated notes

Levels and vault maps discovered:
D:1:      psy_arrival_fountain, layout_basic
D:2:      layout_loops_ring, serial_glass, glass_columns_c, glass_columns_b,
          due_unseen_surprise, feat_on_display, minmay_strange_pillars,
          item_on_display_a
D:3:      layout_basic, mainiacjoe_overflow_alcove_4, basic_ecumenical_altar,
          minmay_pentangle
D:4:      layout_gridville, minivault_5, minmay_three_crescents
D:5:      layout_loops_corners, hangedman_abyss_or_decor_stagger,
          amethyst_killhole, nicolae_shop_overcharged_wands, uniq_pikel,
          uniq_grinder
D:6:      layout_loops_ring, temple_hall
D:7:      erik_cavepeople, layout_basic, hangedman_glass_teeth, uniq_duvessa
D:8:      layout_basic, nicolae_elemental_shop
D:9:      layout_loops_ring, hangedman_abyss_or_decor_clamps
D:10:     layout_roguey, uniq_urug

Skill      XL: |  1  2  3  4  5  6  7  8  9 10 |
---------------+-------------------------------+-----
Stealth        | 2 3 4 |  4.9
Dodging        | 2 3 5 6 |  6.5
Fighting       | 1 2 3 5 6 7 |  7.2
Short Blades   | 1 4 |  4.0
Throwing       | 1 2 3 |  3.0
Conjurations   | 2 3 4 5 6 |  6.2
Spellcasting   | 3 4 5 |  5.9
Air Magic      | 4 5 6 7 8 |  8.9
Evocations     | 1 3 |  3.6
Staves         | 2 |  2.6
Shields        | |  0.3

Action                   |  1- 3 |  4- 6 |  7- 9 | 10-12 || total
-------------------------+-------+-------+-------+-------++-------
Melee: Unarmed           |     7 |       |       |       ||     7
       Dagger            |     7 |       |       |       ||     7
       Short sword       |    15 |    16 |     5 |    29 ||    65
       Tailslap          |     1 |     3 |       |     3 ||     7
       Staff             |       |       |       |     8 ||     8
Throw: Dart              |    20 |    22 |     8 |       ||    50
 Cast: Shock             |    69 |   106 |    88 |   107 ||   370
       Static Discharge  |       |       |    34 |    40 ||    74
       Airstrike         |       |       |     9 |    13 ||    22
 Abil: Breathe Lightning |       |       |     6 |     8 ||    14
  Use: Potion            |       |     1 |       |     1 ||     2
       Scroll            |       |     1 |     7 |       ||     8
 Stab: Sleeping          |     3 |       |     1 |     1 ||     5
Armor: Skin              |    20 |    26 |    22 |    41 ||   109
Dodge: Dodged            |    21 |    52 |    43 |   107 ||   223
